Match 47294362
Unlisted

Match 47294362
End
Selects Airborne Battlegroup
Selects Heavy Machine Gun Paradrop
Selects Smoke Bombing Run
Heavy Machine Gun Paradrop
Construct Weapon Support Center
Bazooka Squad
Heavy Machine Gun Paradrop
Air Support Center
Improved M9 Bazooka Rockets
P-47 Dive Bomb
Selects Paratrooper Squad Paradrop
Paratrooper Squad Paradrop
Double Sortie
Paratrooper Squad Paradrop
M3 Armored Personnel Carrier
Grasshopper Recon Run
Smoke Bombing Run
Selects Anti-tank Gun Team Paradrop
Selects Anti-tank Gun Team Paradrop
Anti-tank Gun Team Paradrop
Grasshopper Recon Run
Construct Tank Depot
M18 Hellcat Tank Destroyer
Engineer Squad
Grasshopper Recon Run
P-47 Strafing Run
Selects Supply Drop
Selects Carpet Bombing Run
Smoke Bombing Run
M3 Armored Personnel Carrier
P-47 Dive Bomb
M4(105) Sherman Bulldozer
P-47 Strafing Run
P-47 Dive Bomb
M18 Hellcat Tank Destroyer
Engineer Squad
Grasshopper Recon Run
Chris
T0MMY
Pioneer Combine
UtataNation 🛌🌟🐉
Bogu
JungleJim'68
_[IQ]_KING OF IRAQ_
yourdad
0
0

Comments sign in to comment!

No comments posted yet!